 Dungeon Crawl Stone Soup version 0.31-a0-1098-g6898e6545c (webtiles) character file.

Game seed: 14021264464656294109

84 vishdafish the Trooper (level 4, -12/48 HPs)
             Began as an Ogre Gladiator on Nov 30, 2023.
             Was an Initiate of Gozag.
             Killed by divine providence
             ... invoked by an orc priest
              (14 damage)
             ... on level 4 of the Dungeon.
             The game lasted 00:10:19 (1940 turns).

vishdafish the Trooper (Ogre Gladiator)             Turns: 1940, Time: 00:10:20

Health: -12/48     AC:  3    Str: 20    XL:     4   Next: 46%
Magic:  4/4        EV: 10    Int:  9    God:    Gozag
Gold:   98         SH:  0    Dex: 10    Spells: 3/3 levels left

rFire   . . .        n - +0 whip (elec)
rCold   . . .        (no shield)
rNeg    . . .        b - +0 robe
rPois   .            c - +0 hat
rElec   .            (no cloak)
rCorr   .            (gloves unavailable)
SInv    .            (boots unavailable)
Will    .....        (no amulet)
Stlth   +            (no ring)
HPRegen 0.28/turn    (no ring)
MPRegen 0.09/turn

%: no passive effects
@: no status effects
A: large, unfitting armour, tough skin 1
a: Renounce Religion, Potion Petition, Call Merchant, Bribe Branch


You were on level 4 of the Dungeon.
You worshipped Gozag.
Gozag was noncommittal.
You visited 2 branches of the dungeon, and saw 4 of its levels.

You collected 145 gold pieces.
You paid 47 gold pieces to Gozag.

Inventory:

Hand Weapons
 a - a +0 war axe
 h - a +0 club
 n - a +0 whip of electrocution (weapon)
Missiles
 d - 2 throwing nets (quivered)
 e - a large rock
Armour
 b - a +0 robe (worn)
 c - a +0 hat (worn)
 j - a +2 pair of gloves
Jewellery
 m - a ring of fire
 r - a ring of magical power
Scrolls
 f - a scroll of revelation {unknown}
 l - a scroll of fog {unknown}
 o - a scroll of immolation {unknown}
 q - a scroll of identify {unknown}
 s - a scroll of teleportation {unknown}
 t - a scroll of blinking {unknown}
Potions
 g - a potion of curing {unknown}
 i - a potion of berserk rage {unknown}
 k - a potion of haste {unknown}
 p - a potion of degeneration {unknown}


   Skills:
 + Level 3.7 Fighting
 - Level 3.2(3.3) Axes
 + Level 1.1(2.2) Maces & Flails
 + Level 2.8 Throwing
 + Level 3.3 Dodging


You had 3 spell levels left.
You didn't know any spells.
Your spell library was empty.

Dungeon Overview and Level Annotations

Branches:
Dungeon (4/15)             Temple (1/1) D:4

Altars:
Ashenzari
Cheibriados
Dithmenos
Gozag
Hepliaklqana
Kikubaaqudgha
Makhleb
Nemelex Xobeh
Okawaru
Qazlal
Ru
Sif Muna
Trog
Uskayaw
Vehumet
Wu Jian
Xom
Yredelemnul
Zin
The Shining One

Shops:
D:1 :


Innate Abilities, Weirdness & Mutations

You are too large for most types of armour.
You have tough skin. (AC +1)


Message History

The orc barely misses you.
You see here a scroll labelled ZIANKER TIHOBB.
You hit the orc. Lightning courses through the orc!
You kill the orc!
t - a scroll labelled ZIANKER TIHOBB You hear the brisk rusting of a very distant drain.
You now have 92 gold pieces (gained 5).
You see here a +0 dagger.
You see here a +0 dagger.
You now have 98 gold pieces (gained 6).
Found a hammer.
You hear the brisk rusting of a very distant drain.
You see here a +0 dagger.
An orc comes into view. It is wielding a +0 war axe.
An orc comes into view. It is wielding a +0 club.
The orc hits you with a +0 war axe.
You hit the orc but do no damage. The orc hits you with a +0 war axe.
You barely miss the orc.
The orc shouts!
An orc priest comes into view. It is wielding a +0 hand axe.
The orc hits you with a +0 war axe!
You completely miss the orc. The orc hits you with a +0 war axe.
The orc hits you but does no damage. The orc attacks as it pursues you!
The orc barely misses you.
The orc priest mumbles some strange prayers to Beogh against you.
Beogh smites you!
The orc priest miscasts a cantrip.
The orc closely misses you. The orc hits you with a +0 club.
The orc hits you with a +0 club.
* * * LOW HITPOINT WARNING * * *
A scorpion comes into view.
Found a scroll labelled FYDWYALOPP.
The orc priest invokes the aid of Beogh against you.
Beogh smites you!
* * * LOW HITPOINT WARNING * * *
The orc priest casts a cantrip, but nothing happens.
The orc priest mumbles some strange prayers to Beogh against you.
Beogh smites you!
You die...
Your body crumbles into a pile of gold.

#..?..# #.....#
#.....# #.....#
#.....# #.....# ..
###..s..#########....#
#....@..o............#
#.......o.o..........#
#....................#
#....................#
#....................+
#....................#
#...................).
##......######........
.... +........


You could see a scorpion, an orc priest and 2 orcs.

Vanquished Creatures
  A hound (D:4)
  2 worms (D:2)
  A dart slug (D:1)
  2 orcs (D:4)
  8 endoplasms
  2 goblins
  5 hobgoblins
  3 jackals (D:1)
  A kobold (D:2)
  2 quokkas (D:1)
  4 ball pythons
  2 bats
  5 frilled lizards
  5 rats (D:1)
43 creatures vanquished.

Notes
Turn   | Place    | Note
-------+----------+-------------------------------------------
     0 | D:1      | vishdafish the Ogre Gladiator began the quest for the Orb.
     0 | D:1      | Reached XP level 1. HP: 22/22 MP: 1/1
   255 | D:1      | Reached XP level 2. HP: 29/29 MP: 2/2
   913 | D:1      | Found Ukliu's Book Boutique.
   973 | D:1      | Reached XP level 3. HP: 37/37 MP: 3/3
  1368 | D:2      | Found a snail-covered altar of Cheibriados.
  1638 | D:2      | You fall into a shaft and drop 2 floors!
  1663 | D:4      | Reached skill level 1 in Maces & Flails
  1663 | D:4      | Reached XP level 4. HP: 41/48 MP: 4/4
  1669 | D:4      | Noticed a scorpion
  1671 | D:4      | Found a staircase to the Ecumenical Temple.
  1696 | Temple   | Entered the Ecumenical Temple
  1781 | Temple   | Became a worshipper of Gozag Ym Sagoz the Greedy
  1937 | D:4      | Noticed a scorpion
  1938 | D:4      | HP: 2/48 [orc priest/divine providence (11)]
  1940 | D:4      | Killed from afar by an orc priest

Illustrated notes

Levels and vault maps discovered:
D:1:      lightli_arrival_statue_moat, layout_basic, serial_shops,
          nicolae_shop_tiny_glass, roderic_roman_lattice, grunt_decor_junction
D:2:      layout_loops_ring, serial_shops, nicolae_shop_back_alley_shop,
          basic_altar, serial_aquarium, aquarium_bridge_long_joined
          [aquarium_subvault_bridge, aquarium_subvault_wall,
          aquarium_subvault_bridge, aquarium_subvault_balcony,
          aquarium_subvault_bridge, aquarium_subvault_wall],
          aquarium_window_corner, aquarium_window_fake, aquarium_window_2,
          aquarium_window_corridor_2, aquarium_view_2e
D:4:      layout_gridville, fedhas_altar_2, minmay_temple_entry_statues_pillars,
          portal_sewer_entry_e, uniq_crazy_yiuf_cottage
Temple:   mainiacjoe_temple_cubbyholes

Skill      XL: |  1  2  3 |
---------------+----------+-----
Fighting       | 3 |  3.7
Dodging        | 3 |  3.3
Maces & Flails | 1 |  1.1
Axes           | |  3.2
Throwing       | |  2.8

Action                     |  1- 3 |  4- 6 || total
---------------------------+-------+-------++-------
  Melee: War axe           |    45 |       ||    45
         Whip              |   102 |     9 ||   111
         Punch             |     1 |       ||     1
  Throw: Throwing net      |     3 |       ||     3
   Stab: Sleeping          |     3 |       ||     3
 Armour: Robe              |    98 |    13 ||   111
  Dodge: Dodged            |    87 |     8 ||    95

Table legend: (Time is in decaauts)
 A = Elapsed time spent in this place.
 B = Non-inter-level travel time spent in this place.
 C = Inter-level travel time spent in this place.
 D = Time resting spent in this place.
 E = Time spent auto-exploring this place.
 F = Levels seen in this place.
 G = Mean time per level.
                   A        B        C        D        E       F      G
               +--------+--------+--------+--------+--------+-----+--------+
         Total |   1955 |   1912 |     43 |      0 |   1129 |   4 |  488.8 |
       Dungeon |   1845 |   1823 |     22 |      0 |   1098 |   3 |  615.0 |
        Temple |    109 |     88 |     21 |      0 |     31 |   1 |  109.0 |
               +--------+--------+--------+--------+--------+-----+--------+

Top non-repeatable levels by time:
     D:1: 1050 daAuts
     D:2: 603 daAuts
     D:4: 192 daAuts
  Temple: 109 daAuts
